cohdb
Replays
Latest Replays
All Replays
Popular Replays
Top Player Replays
Match Explorer
How It Works
Community
CoH3 Stats
Reddit
Sign in to upload your games and track your stats! →
Sign in with Steam
Match 42699233
Unlisted
Match 42699233
Overview
Messages
Build Orders
End
Panzergrenadier Squad
Selects Battlefield Espionage Battlegroup
Panzergrenadier Squad
Panzergrenadier Squad
Construct Light Support Kompanie
2.5-tonne Medical Truck
Selects Intel Disruption Beacon
Selects Transfer Depots
Construct Mechanized Kompanie
Veteran Squad Leaders
Panzergrenadier Squad
Construct Panzerarmee Kommand
SixxFeetUnder
rubik
ßoo
Tactical Nuclear Cow
0
0
Comments
sign in to comment!
No comments posted yet!